 Dungeon Crawl Stone Soup version 0.24.0-37-gcf1ca852f1 (webtiles) character file.

Game seed: 7530043467323957287, levelgen mode: deterministic

22794 DungeonDestroyer the Cleaver (level 12, -1/112 HPs)
             Began as a Minotaur Fighter on Nov 15, 2019.
             Was a High Priest of Okawaru.
             Killed from afar by a smoke demon (4 damage)
             ... with a ball of steam
             ... summoned by a deep elf mage
             ... on level 12 of the Dungeon on Nov 21, 2019.
             The game lasted 00:33:24 (13536 turns).

DungeonDestroyer the Cleaver (Minotaur Fighter)    Turns: 13536, Time: 00:33:26

Health: -1/112     AC: 22    Str: 24    XL:     12   Next: 66%
Magic:  16/16      EV:  9    Int:  6    God:    Okawaru [*****.]
Gold:   387        SH: 12    Dex: 11    Spells: 11/11 levels left

rFire    . . .     SeeInvis .   A - +2 war axe (flame)
rCold    . . .     Gourm    .   c - +1 shield
rNeg     . . .     Faith    .   j - quicksilver dragon scales
rPois    +         Spirit   .   (helmet restricted)
rElec    .         Reflect  .   (no cloak)
rCorr    .         Harm     .   E - +2 pair of gloves
MR       +....                  a - +1 pair of boots {Fly}
Stlth    +.........             (no amulet)
HPRegen  0.28/turn              D - +3 ring of protection
MPRegen  0.15/turn              t - ring of poison resistance

@: lethally poisoned (-1 -> -4), flying, heavily drained
A: retaliatory headbutt, horns 2
a: Heroism, Finesse, Renounce Religion, Stop Flying


You were on level 12 of the Dungeon.
You worshipped Okawaru.
Okawaru was extremely pleased with you.
You were not hungry.

You visited 2 branches of the dungeon, and saw 14 of its levels.
You also visited: Gauntlet.

You collected 597 gold pieces.
You spent 210 gold pieces at shops.

Inventory:

Hand Weapons
 e - a +0 broad axe
 A - a +2 war axe of flaming (weapon)
Armour
 a - a +1 pair of boots of flying (worn)
 c - a +1 shield (worn)
 j - quicksilver dragon scales (worn)
 E - a +2 pair of gloves (worn)
Jewellery
 t - a ring of poison resistance (right hand)
 D - a +3 ring of protection (left hand)
Wands
 g - a wand of disintegration (8)
 n - a wand of paralysis (34)
 q - a wand of flame (26)
 y - a wand of acid (8)
Scrolls
 b - a scroll of magic mapping
 d - a scroll of enchant armour
 k - 2 scrolls of teleportation
 l - 6 scrolls of remove curse
 m - 6 scrolls of identify
 r - 3 scrolls of fog
 v - a scroll of amnesia
 B - a scroll of silence
Potions
 h - 5 potions of curing
 i - 2 potions of agility
 o - a potion of degeneration {unknown}
 p - 2 potions of brilliance
 s - a potion of magic
 z - 3 potions of heal wounds
 C - a potion of might
Comestibles
 f - 25 rations
 u - 4 chunks of flesh


   Skills:
 * Level 12.1(10.2) Fighting
 + Level 13.6(11.7) Axes
 * Level 12.8(10.9) Armour
 + Level 10.4(8.6) Shields
 * Level 7.1(5.5) Invocations


You had 11 spell levels left.
You didn't know any spells.
Your spell library contained the following spells:

 Spells                   Type           Power        Failure   Level  Hunger
 Flame Tongue             Conj/Fire      #....        85%         1    ##.....
 Magic Dart               Conj           #...         85%         1    ##.....
 Blink                    Tloc           N/A          94%         2    ###....
 Call Imp                 Summ           #.......     94%         2    ###....
 Slow                     Hex            #.......     94%         2    ###....
 Song of Slaying          Chrm           #.......     94%         2    ###....
 Throw Flame              Conj/Fire      #.....       94%         2    ###....
 Conjure Flame            Conj/Fire      #.......     99%         3    ####...
 Inner Flame              Hex/Fire       #.......     99%         3    ####...
 Mephitic Cloud           Conj/Pois/Air  #.......     99%         3    ####...
 Summon Guardian Golem    Hex/Summ       #.......     99%         3    ####...
 Leda's Liquefaction      Hex/Erth       #.........   100%        4    #####..
 Sticky Flame             Conj/Fire      #.......     100%        4    #####..
 Borgnjor's Vile Clutch   Necr/Erth      #.........   100%        5    ######.
 Excruciating Wounds      Chrm/Necr      #.........   100%        5    ######.
 Fireball                 Conj/Fire      #.........   100%        5    ######.
 Iron Shot                Conj/Erth      #.........   100%        6    #######


Dungeon Overview and Level Annotations

Branches:
Dungeon (13/15)            Temple (1/1) D:6            Lair (0/6) D:9
Gauntlet (visited)
    Orc: D:9-12      Vaults: D:13-14

Altars:
Ashenzari
Cheibriados
Dithmenos
Elyvilon
Fedhas
Gozag
Hepliaklqana
Kikubaaqudgha
Makhleb
Nemelex Xobeh
Okawaru
Qazlal
Ru
Sif Muna
Trog
Uskayaw
Vehumet
Wu Jian
Xom
Yredelemnul
Zin
The Shining One

Shops:
D:4 *


Innate Abilities, Weirdness & Mutations

You reflexively headbutt those who attack you in melee.
You have a pair of horns on your head.


Message History

The smoke demon hits you but does no damage. x2
You block the orange demon's attack.
The deep elf mage points at you and mumbles some strange words.
The bolt of negative energy hits the smoke demon.
The smoke demon completely resists.
The bolt of negative energy misses you.
* * * LOW HITPOINT WARNING * * *
You feel sick.
The smoke demon hits you but does no damage. x2
You block the smoke demon's attack. You block the orange demon's attack.
The orange demon hits you but does no damage.
The deep elf mage misses you. You furiously retaliate!
You headbutt the deep elf mage, but do no damage.
You slash the deep elf mage! You burn the deep elf mage.
You headbutt the deep elf mage!
The deep elf mage is almost dead.
You slash the orange demon! You burn the orange demon. You slash the redback!
You burn the redback. You closely miss the smoke demon.
The smoke demon gestures at you. The ball of steam hits you.
You die...

###################
..................##
...................##
....................##
.....................##
......................##
...............4@s.....##
...........<(..e3s......##
......(..(((.(.)s........##
..........(.....§.........##
...........................##
.#..........)...............##
###..........................#
#.....().....................#
....##########.................#


You could see an orange demon, a deep elf mage, a smoke demon, a tarantella and
2 redbacks.

Vanquished Creatures
  A minotaur (Gauntlet)
  Josephine (D:11)
  A centaur warrior (D:12)
  4 two-headed ogres
  A tengu warrior (Gauntlet)
  Nergalle (D:11)
  3 wizards
  Pikel (D:7)
  A cyclops (D:12)
  An ugly thing (D:11)
  A manticore (D:11)
  An efreet (Gauntlet)
  2 tengu conjurers (Gauntlet)
  3 meliai (Gauntlet)
  4 trolls
  Grinder (D:4)
  A hornet (D:7)
  2 hippogriffs (D:12)
  Sigmund (D:3)
  2 wyverns
  2 wraiths
  Eustachio (D:5)
  3 fire elementals (Gauntlet)
  7 yaks
  A steam dragon (D:10)
  3 vampire mosquitoes (D:12)
  2 hell hounds (Gauntlet)
  2 water moccasins
  10 orc warriors
  3 black bears
  2 porcupines (D:9)
  A necrophage (D:7)
  4 sky beasts
  2 ice beasts
  2 phantoms (D:9)
  2 slaves (D:7)
  11 centaurs
  3 ogres
  5 crocodiles (D:9)
  A big kobold (D:9)
  6 bullfrogs
  5 scorpions
  5 killer bees (D:9)
  5 wights (D:6)
  5 howler monkeys
  3 crimson imps
  A bullfrog zombie (D:6)
  2 jellies
  5 centaur skeletons
  A centaur zombie (D:10)
  4 hounds
  10 orc priests
  A wyvern simulacrum (D:12)
  8 orc wizards
  A bullfrog skeleton (D:11)
  4 iguanas
  8 worker ants
  Natasha (thrice) (D:4)
  A hound zombie (D:9)
  A hound skeleton (D:7)
  Robin (D:2)
  7 gnolls (D:4)
  10 adders
  2 oozes (D:1)
  A worm (D:4)
  3 dart slugs
  5 leopard geckos
  60 orcs
  11 bats
  7 giant cockroaches
  13 goblins
  5 hobgoblins (D:2)
  9 jackals
  4 quokkas
  3 ball pythons
  6 frilled lizards
  10 kobolds
  2 leopard gecko skeletons
  11 rats
349 creatures vanquished.

Vanquished Creatures (others)
  A slave (D:7)
  2 howler monkeys (D:7)
  An orc wizard (D:4)
  3 fungi (Gauntlet)
  11 plants (Gauntlet)
18 creatures vanquished.

Grand Total: 367 creatures vanquished

Notes
Turn   | Place    | Note
-------+----------+-------------------------------------------
     0 | D:1      | DungeonDestroyer the Minotaur Fighter began the quest for
                  | the Orb.
     0 | D:1      | Reached XP level 1. HP: 19/19 MP: 0/0
   135 | D:1      | Reached XP level 2. HP: 26/27 MP: 1/1
   688 | D:1      | Reached XP level 3. HP: 33/33 MP: 2/2
  1010 | D:2      | Noticed a centaur
  1019 | D:2      | Killed a centaur
  1019 | D:2      | Reached skill level 3 in Axes
  1019 | D:2      | Reached skill level 5 in Armour
  1019 | D:2      | Reached XP level 4. HP: 8/41 MP: 3/3
  1320 | D:2      | Found a faded altar of an unknown god.
  1328 | D:2      | Noticed Robin
  1351 | D:2      | Killed Robin
  1351 | D:2      | Reached XP level 5. HP: 46/47 MP: 4/4
  2048 | D:3      | You fall into a shaft and drop 2 floors!
  2048 | D:5      | Entered Level 5 of the Dungeon
  2310 | D:5      | Reached skill level 5 in Fighting
  2310 | D:5      | Reached skill level 4 in Axes
  2310 | D:5      | Reached XP level 6. HP: 56/56 MP: 5/5
  2465 | D:5      | Noticed a sky beast
  2475 | D:5      | Killed a sky beast
  2475 | D:5      | Reached skill level 5 in Shields
  2609 | D:5      | Noticed Eustachio
  2651 | D:5      | Killed Eustachio
  2651 | D:5      | Reached skill level 5 in Axes
  2651 | D:5      | Reached XP level 7. HP: 42/61 MP: 6/6
  3149 | D:4      | Noticed Grinder
  3152 | D:4      | Reached skill level 6 in Axes
  3163 | D:4      | Paralysed by Grinder for 6 turns
  3174 | D:4      | Paralysed by Grinder for 2 turns
  3183 | D:4      | Killed Grinder
  3199 | D:4      | Noticed Natasha
  3205 | D:4      | Killed Natasha
  3205 | D:4      | Reached XP level 8. HP: 24/70 MP: 7/7
  3440 | D:4      | Reached skill level 7 in Axes
  3440 | D:4      | Noticed Natasha
  3449 | D:4      | Killed Natasha
  3519 | D:3      | Upgraded the game from 0.24.0-29-g8ce449bc06 to
                  | 0.24.0-35-gdb84b6a5db
  3816 | D:3      | Noticed Sigmund
  3950 | D:3      | Killed Sigmund
  4172 | D:4      | Noticed Natasha
  4187 | D:4      | Killed Natasha
  4647 | D:4      | Found Gatwesuja's Assorted Antiques.
  5002 | D:6      | Reached skill level 8 in Axes
  5167 | D:6      | Found a hide-covered altar of Uskayaw.
  5187 | D:6      | Upgraded the game from 0.24.0-35-gdb84b6a5db to
                  | 0.24.0-37-gcf1ca852f1
  5301 | D:6      | Found a staircase to the Ecumenical Temple.
  5363 | Temple   | Entered the Ecumenical Temple
  5545 | Temple   | Became a worshipper of Warmaster Okawaru
  5726 | D:6      | You fall into a shaft and drop 1 floor!
  5791 | D:6      | Reached XP level 9. HP: 71/79 MP: 8/8
  5857 | D:6      | Identified the +6 dagger of the Unkillable {chaos, rPois
                  | rF+ rN+ Str-5} (You found it on level 6 of the Dungeon)
  6027 | D:7      | Reached skill level 9 in Axes
  6027 | D:7      | Reached skill level 1 in Invocations
  6078 | D:7      | Noticed Pikel
  6088 | D:7      | Killed Pikel
  6088 | D:7      | Reached * piety under Okawaru
  6480 | D:7      | Paralysed by a hornet for 1 turns
  6486 | D:7      | Reached ** piety under Okawaru
  7004 | D:8      | Reached skill level 10 in Axes
  7801 | D:9      | Reached XP level 10. HP: 90/90 MP: 11/11
  7842 | D:9      | Reached *** piety under Okawaru
  7843 | D:9      | Found a staircase to the Lair.
  8328 | D:9      | Noticed a two-headed ogre
  8335 | D:9      | Killed a two-headed ogre
  8335 | D:9      | Reached **** piety under Okawaru
  8335 | D:9      | Reached skill level 11 in Axes
  8335 | D:9      | Reached skill level 10 in Armour
  8683 | D:9      | Reached skill level 10 in Fighting
  8716 | D:9      | Received a gift from Okawaru
  8717 | D:9      | Found a shattered altar of Ashenzari.
  9048 | D:9      | Noticed a two-headed ogre
  9055 | D:9      | Killed a two-headed ogre
  9263 | D:4      | Bought a pair of glowing boots for 210 gold pieces
  9331 | D:10     | Entered Level 10 of the Dungeon
  9390 | D:10     | Reached XP level 11. HP: 99/99 MP: 13/13
  9454 | D:10     | Noticed a wizard
  9454 | D:10     | Noticed a wizard
  9469 | D:10     | Noticed a wizard
  9475 | D:10     | Killed a wizard
  9475 | D:10     | Reached ***** piety under Okawaru
  9477 | D:10     | Killed a wizard
  9477 | D:10     | Reached skill level 5 in Invocations
  9573 | D:10     | Identified Ts'ui Pên's Handbook of Forking Paths
  9587 | D:10     | Noticed a deep elf mage
  9592 | D:10     | Identified Zutsu's Grimoire of Plaster Cramp
  9838 | D:10     | Identified the Grimoire of Axaxaxas mlö
 10272 | D:10     | You are sucked into a shaft and drop 3 floors!
 10354 | D:13     | Found a gate leading to a gauntlet.
 10359 | Gauntlet | Entered a Gauntlet
 10359 | Gauntlet | Found a transporter.
 10359 | Gauntlet | Found a transporter.
 10359 | Gauntlet | Found a transporter.
 10359 | Gauntlet | Noticed a tengu warrior
 10360 | Gauntlet | Found a transporter.
 10363 | Gauntlet | Found a transporter.
 10363 | Gauntlet | Found a transporter.
 10377 | Gauntlet | Found a transporter.
 10378 | Gauntlet | Found a transporter.
 10380 | Gauntlet | Noticed a reaper
 10387 | Gauntlet | Found a transporter.
 10395 | Gauntlet | Found a transporter.
 10411 | Gauntlet | Found a transporter.
 10415 | Gauntlet | Found a transporter.
 10592 | Gauntlet | Reached skill level 12 in Axes
 10621 | Gauntlet | Killed a tengu warrior
 10621 | Gauntlet | Received a gift from Okawaru
 10888 | Gauntlet | Got a pair of faintly glowing gloves
 10909 | Gauntlet | Identified the +1 pair of gloves of Gestures {Str-5 Int+7}
                  | (You found it in a Gauntlet)
 11114 | Gauntlet | Got a warped hat
 11116 | Gauntlet | Got a jewelled rapier
 11159 | Gauntlet | Identified the +0 hat of Ippur {Int+6} (You found it in a
                  | Gauntlet)
 11169 | Gauntlet | Identified the cursed +1 rapier "Jeywem" {flame, rElec MR+
                  | Stlth+} (You found it in a Gauntlet)
 11173 | Gauntlet | Noticed a minotaur
 11199 | Gauntlet | Killed a minotaur
 11603 | D:12     | Noticed a centaur warrior
 11614 | D:12     | Noticed a two-headed ogre
 11619 | D:12     | Killed a centaur warrior
 11624 | D:12     | Reached XP level 12. HP: 104/110 MP: 8/15
 11630 | D:12     | Killed a two-headed ogre
 11815 | D:11     | Reached skill level 10 in Shields
 11881 | D:11     | Noticed Nergalle
 11893 | D:11     | Reached skill level 13 in Axes
 11899 | D:11     | Killed Nergalle
 12808 | D:11     | Noticed Josephine
 12829 | D:11     | Killed Josephine
 12829 | D:11     | Received a gift from Okawaru
 13417 | D:12     | Noticed a two-headed ogre
 13425 | D:12     | Killed a two-headed ogre
 13532 | D:12     | HP: 5/112 [smoke demon[a deep elf mage] (4)]
 13536 | D:12     | Killed from afar by a smoke demon

Levels and vault maps discovered:
D:1:      dpeg_arrival_prison, layout_loops_corners
D:2:      layout_basic, first_ration, chequers_ecumenical_altar_grove,
          uniq_robin
D:3:      layout_loops_cross, uniq_sigmund
D:4:      layout_cave_pools, serial_shops, shop, uniq_natasha, uniq_grinder
D:5:      layout_loops_cross, minmay_chambers_of_fives, uniq_eustachio
D:6:      layout_gridville, eat_drink_and_be_merry_uskayaw,
          minmay_temple_entry_fiery
D:7:      layout_gridville, uniq_pikel
D:8:      layout_loops_ring
D:9:      layout_roguey, minmay_lair_entry_grove, grunt_ogre_cave,
          nicolae_ashenzari_panopticon
D:10:     layout_roguey, bh_hangedman_babel_library
D:11:     layout_cave_pools, uniq_josephine, uniq_nergalle
D:12:     layout_big_octagon, david_orc_1_choice
D:13:     layout_loops_corners, gauntlet_entry_generic
Temple:   minmay_crystal_snake_temple

Skill      XL: |  1  2  3  4  5  6  7  8  9 10 11 12 |
---------------+-------------------------------------+-----
Armour         | 4 5 6 8 9 10 12 | 12.8
Shields        | 4 5 6 7 8 9 10 | 10.4
Fighting       | 4 5 6 7 8 10 11 12 | 12.1
Axes           | 3 4 5 6 8 10 11 12 13 | 13.6
Invocations    | 3 4 6 7 |  7.1

Action                   |  1- 3 |  4- 6 |  7- 9 | 10-12 || total
-------------------------+-------+-------+-------+-------++-------
Melee: War axe           |    83 |    35 |   264 |   504 ||   886
       Headbutt          |    13 |    18 |    39 |   125 ||   195
       Broad axe         |       |    99 |     6 |       ||   105
Invok: Heroism           |       |       |       |     4 ||     4
       Finesse           |       |       |       |     3 ||     3
  Use: Potion            |     3 |     1 |     3 |     2 ||     9
       Scroll            |     3 |       |    10 |     9 ||    22
  Eat: Ration            |       |     1 |     1 |     2 ||     4
       Chunk             |       |     2 |    13 |    12 ||    27
Armor: Scale mail        |    44 |    10 |       |       ||    54
       Chain mail        |       |    77 |   124 |    38 ||   239
       Plate armour      |       |       |       |    99 ||    99
       Quicksilver drago |       |       |       |   106 ||   106
Dodge: Dodged            |    25 |    38 |    51 |   154 ||   268
Block: Shield            |    47 |    91 |   147 |   341 ||   626
